 Dungeon Crawl Stone Soup version 0.30-a0-748-ge6a52f7cba (webtiles) character file.

Game seed: 13266708914081451675

81 MachoJfn the Chopper (level 4, 0/34 HPs)
             Began as a Demonspawn Gladiator on Feb 8, 2023.
             Was a Believer of Dithmenos.
             Slain by a hound skeleton (3 damage)
             ... on level 3 of the Dungeon.
             The game lasted 00:07:38 (2209 turns).

MachoJfn the Chopper (Demonspawn Gladiator)         Turns: 2209, Time: 00:07:39

Health: 0/34       AC:  7    Str: 14 (16) XL:     4   Next: 19%
Magic:  4/4        EV: 12    Int:  7 (9)  God:    Dithmenos [**....]
Gold:   151        SH:  0    Dex: 12 (15) Spells: 3/3 levels left

rFire   . . .      SeeInvis .    a - +0 war axe
rCold   . . .      Faith    .    (no shield)
rNeg    . . .      Spirit   .    b - +0 leather armour
rPois   .          Reflect  .    c - +0 helmet
rElec   .          Harm     .    (no cloak)
rCorr   .          Rampage  .    (no gloves)
Will    .....                    (no boots)
Stlth   +                        (no amulet)
HPRegen 0.25/turn                (no ring)
MPRegen 0.09/turn                (no ring)

@: wreathed by umbra
A: icy blue scales 2
a: Renounce Religion, Shadow Step


You were on level 3 of the Dungeon.
You worshipped Dithmenos.
Dithmenos was pleased with you.
You visited 1 branch of the dungeon, and saw 3 of its levels.

You collected 151 gold pieces.

Inventory:

Hand Weapons
 a - a +0 war axe (weapon)
Armour
 b - a +0 leather armour (worn)
 c - a +0 helmet (worn)
Magical Staves
 m - a staff of conjuration
Scrolls
 f - a scroll of amnesia {unknown}
 h - a scroll of poison {unknown}
 i - a scroll of identify {unknown}
 j - a scroll of immolation
 k - a scroll of vulnerability {unknown}
 l - a scroll of fog {unknown}
Potions
 g - a potion of berserk rage


   Skills:
 + Level 2.4 Fighting
 + Level 3.8 Axes
 + Level 1.8 Throwing
 + Level 0.6 Armour
 + Level 3.1 Dodging
 + Level 0.2 Stealth


You had 3 spell levels left.
You didn't know any spells.
Your spell library contained the following spells:

 Spells                   Type           Power      Damage    Failure   Level
 Summon Small Mammal      Summ           0%         N/A       52%         1
 Call Canine Familiar     Summ           0%         N/A       87%         3
 Inner Flame              Hex/Fire       0%         N/A       87%         3
 Summon Guardian Golem    Hex/Summ       0%         N/A       87%         3
 Flame Wave               Conj/Fire      0%         2d4       99%         4
 Sticky Flame             Conj/Fire      0%         2d3       99%         4
 Orb of Destruction       Conj           0%         9d5       100%        7
 Spellforged Servitor     Conj/Summ      0%         N/A       100%        7


Dungeon Overview and Level Annotations

Branches:
Dungeon (3/15)

Altars:
Dithmenos
Kikubaaqudgha
Yredelemnul

Shops:
D:2 [

Annotations:
D:3 1 transporter


Innate Abilities, Weirdness & Mutations

You are mostly covered in icy blue scales. (AC +3)


Message History

You slash the necrophage! You barely miss the hound skeleton.
The hound skeleton misses you.
The necrophage struggles against the net. x2
The net rips apart, and the necrophage comes free!
The hound skeleton closely misses you.
Menkaure struggles against the net.
The net rips apart, and Menkaure comes free!
You hit Menkaure but do no damage.
Menkaure is severely damaged.
You hit the hound skeleton. You closely miss the necrophage.
The hound skeleton bites you but does no damage.
Menkaure hits you!
* * * LOW HITPOINT WARNING * * *
The necrophage barely misses you.
The hound skeleton bites you but does no damage.
You slash Menkaure!
Menkaure is almost destroyed.
You hit the necrophage. You barely miss the hound skeleton. Menkaure hits you.
* * * LOW HITPOINT WARNING * * *
The necrophage barely misses you.
The hound skeleton bites you but does no damage.
Menkaure closely misses you.
Throw: throwing net
Press: ? - help, Q - select action, (/) - cycle Shift-Dir - straight line, f - Menkaure, p - necrophage
Aim: Menkaure (almost destroyed, fast, umbra, 73% to hit)
You throw a throwing net.
The throwing net barely misses Menkaure.
The hound skeleton completely misses you.
The necrophage hits you but does no damage.
Menkaure calls on the powers of darkness!
Your body is wracked with pain!
* * * LOW HITPOINT WARNING * * *
Throw: javelin
Press: ? - help, Q - select action, (/) - cycle Shift-Dir - straight line, f/p - Menkaure
Aim: Menkaure (almost destroyed, fast, umbra, 73% to hit)
You throw a javelin. The javelin pierces through Menkaure!
You destroy Menkaure!
Dithmenos accepts your kill.
The hound skeleton bites you but does no damage.
The necrophage misses you. The hound skeleton bites you.
You die...

#################
#...............#
#.#############.#
#.#©..........#.#
#.#..........[#.#
#.#..###.###.$#.#
##.#..#8#.#8#._#.#
##..#..n.......:#..#
#..©#(..@.©....⌠#©..#
#...#..Z.......)#...#
#...#..#8#.#8#._#.#.#
##..#..###.###.$#.#.#
#..#.!........)#...#
#..#...........#..##
#..#############.
#####
#..†.............
.....
#.#.......####### #..


You could see a necrophage and a hound skeleton.

Vanquished Creatures
  Menkaure (D:3)
  4 adders
  4 endoplasms (D:1)
  A giant cockroach (D:1)
  4 goblins (D:1)
  9 hobgoblins
  4 jackals (D:1)
  2 quokkas (D:1)
  2 ball pythons (D:1)
  3 bats (D:1)
  3 frilled lizards
  3 kobolds
  3 rats
43 creatures vanquished.

Notes
Turn   | Place    | Note
-------+----------+-------------------------------------------
     0 | D:1      | MachoJfn the Demonspawn Gladiator began the quest for the
                  | Orb.
     0 | D:1      | Reached XP level 1. HP: 16/16 MP: 1/1
    96 | D:1      | Found a faded altar of an unknown god.
   106 | D:1      | Prayed at the altar of an unknown god.
   106 | D:1      | Became a worshipper of Dithmenos the Shadowed
   106 | D:1      | Reached * piety under Dithmenos
   116 | D:1      | Gained mutation: You are partially covered in icy blue
                  | scales. (AC +2) [demonic ancestry]
   116 | D:1      | Reached XP level 2. HP: 17/22 MP: 2/2
   304 | D:1      | HP: 1/22 [frozen (4)]
   488 | D:1      | Reached XP level 3. HP: 27/27 MP: 3/3
   582 | D:1      | Reached ** piety under Dithmenos
   987 | D:2      | Found Piosch Teigao's Armour Boutique.
  1278 | D:2      | Gained mutation: You are mostly covered in icy blue scales.
                  | (AC +3) [demonic ancestry]
  1278 | D:2      | Reached XP level 4. HP: 31/33 MP: 4/4
  2118 | D:3      | Found a basalt altar of Yredelemnul.
  2120 | D:3      | Found a transporter.
  2132 | D:3      | Noticed a necrophage
  2133 | D:3      | Found a transporter.
  2153 | D:3      | Found an ancient bone altar of Kikubaaqudgha.
  2157 | D:3      | Noticed Menkaure
  2209 | D:3      | Killed Menkaure
  2209 | D:3      | Slain by a hound skeleton

Illustrated notes

Levels and vault maps discovered:
D:1:      minmay_arrival_hallway, layout_rooms, basic_ecumenical_altar,
          dreamdust_wishing_well, kennysheep_another_room,
          amcnicky_mini_pool_small
D:2:      layout_loops_corners, serial_shops,
          nicolae_shop_temple_entry_statues_fountains, chequers_avenue,
          roderic_lattice_a
D:3:      layout_rooms, nicolae_overflow_crystal_walls,
          gammafunk_temple_of_torment, ebering_ghost_sewer_d, uniq_jessica

Skill      XL: |  1  2 |
---------------+-------+-----
Axes           | 3 |  3.8
Dodging        | 3 |  3.1
Fighting       | |  2.4
Throwing       | |  1.8
Armour         | |  0.6
Stealth        | |  0.2

Action                     |  1- 3 |  4- 6 || total
---------------------------+-------+-------++-------
  Melee: War axe           |   127 |    18 ||   145
         Punch             |       |     1 ||     1
  Throw: Throwing net      |       |     3 ||     3
         Javelin           |       |     1 ||     1
    Use: Potion            |     1 |     5 ||     6
         Scroll            |       |     1 ||     1
   Stab: Held in net/web   |       |     1 ||     1
 Armour: Leather armour    |    46 |     7 ||    53
  Dodge: Dodged            |   104 |    21 ||   125

Table legend: (Time is in decaauts)
 A = Elapsed time spent in this place.
 B = Non-inter-level travel time spent in this place.
 C = Inter-level travel time spent in this place.
 D = Time resting spent in this place.
 E = Time spent auto-exploring this place.
 F = Levels seen in this place.
 G = Mean time per level.
                   A        B        C        D        E       F      G
               +--------+--------+--------+--------+--------+-----+--------+
         Total |   2267 |   1968 |    299 |    611 |    941 |   3 |  755.7 |
       Dungeon |   2267 |   1968 |    299 |    611 |    941 |   3 |  755.7 |
               +--------+--------+--------+--------+--------+-----+--------+

Top non-repeatable levels by time:
     D:2: 1405 daAuts
     D:1: 733 daAuts
     D:3: 127 daAuts
